 Dungeon Crawl Stone Soup version 0.26-a0-831-g7192265339 (webtiles) character file.

Game seed: 10523072191458981399

57216 Grant146 the Bludgeoner (level 14, -12/137 HPs)
             Began as a Minotaur Berserker on Nov 15, 2020.
             Was a High Priest of Trog.
             Mangled by a death ooze (16 damage)
             ... on level 6 of the Lair of Beasts on Nov 16, 2020.
             The game lasted 00:38:40 (19285 turns).

Grant146 the Bludgeoner (Minotaur Berserker)       Turns: 19285, Time: 00:38:40

Health: -12/137    AC: 25    Str: 25    XL:     14   Next: 44%
Magic:  13/13      EV: 10    Int:  4    God:    Trog [*****.]
Gold:   1525       SH:  5    Dex: 12    Spells: 13/13 levels left

rFire    . . .     SeeInvis .   O - +5 dire flail (vorpal)
rCold    . . .     Faith    .   (shield currently unavailable)
rNeg     + . .     Spirit   .   b - +0 plate armour
rPois    +         Reflect  +   (helmet restricted)
rElec    .         Harm     .   F - +2 cloak
rCorr    +         Rampage  .   u - +1 pair of gloves
MR       +....                  P - +0 pair of boots of the Abyss {rN+ Regen+}
Stlth    ..........             D - amulet of reflection
HPRegen  0.72/turn              W - ring of resist corrosion
MPRegen  0.13/turn              v - ring of poison resistance

@: no status effects
A: retaliatory headbutt, horns 2
a: Berserk, Trog's Hand, Brothers in Arms, Renounce Religion


You were on level 6 of the Lair of Beasts.
You worshipped Trog.
Trog was extremely pleased with you.
You visited 2 branches of the dungeon, and saw 17 of its levels.
You also visited: Sewer.

You collected 1525 gold pieces.

Inventory:

Hand Weapons
 i - a +2 whip of flaming
 O - a +5 vorpal dire flail (weapon)
Missiles
 B - 53 poisoned darts (quivered)
Armour
 b - a +0 plate armour (worn)
 g - a +0 pair of boots
 u - a +1 pair of gloves (worn)
 F - a +2 cloak (worn)
 M - a +0 chain mail of poison resistance
 P - the +0 pair of boots of the Abyss (worn) {rN+ Regen+}
   (You found it on level 9 of the Dungeon)

   It protects you from negative energy.
   It increases your rate of regeneration.
 V - a +2 pair of boots
Jewellery
 l - a +4 ring of protection
 n - a +6 ring of strength
 o - an uncursed amulet of faith
 v - a ring of poison resistance (right hand)
 D - an amulet of reflection (around neck)
 T - the ring "Riopiuhi" {*Corrode rElec rF+ rC+ Str+2, unknown}
   (You found it on level 9 of the Dungeon)

   [ring of protection from fire]

   It affects your strength (+2).
   It protects you from fire.
   It protects you from cold.
   It insulates you from electricity.
   It may corrode you when you take damage.
 W - a ring of resist corrosion (left hand)
Wands
 a - a wand of acid (21)
 f - a wand of flame (17)
 w - a wand of iceblast (25)
 H - a wand of paralysis (36)
 J - a wand of enslavement (2)
 U - a wand of disintegration (38)
Scrolls
 d - 2 scrolls of magic mapping
 e - 10 scrolls of teleportation
 h - 3 scrolls of enchant armour
 k - 6 scrolls of identify
 p - 9 scrolls of remove curse
 q - 4 scrolls of enchant weapon
 r - a scroll of summoning {unknown}
 s - 4 scrolls of fog
 x - 2 scrolls of blinking {unknown}
 y - a scroll of acquirement {unknown}
 G - a scroll of fear
 I - a scroll of silence
 K - 2 scrolls of amnesia
 X - a scroll of holy word
 Y - a scroll of vulnerability {unknown}
Potions
 c - 10 potions of heal wounds
 j - 3 potions of resistance
 m - 5 potions of haste
 t - 11 potions of curing
 z - 3 potions of invisibility
 A - a potion of lignification {unknown}
 C - 4 potions of might
 E - 2 potions of berserk rage
 L - a potion of flight
 N - a potion of magic
Miscellaneous
 Q - a lightning rod (4/4)
 R - a condenser vane
 S - a lightning rod (4/4)


   Skills:
 + Level 16.2 Fighting
 + Level 17.5 Maces & Flails
 + Level 0.6 Throwing
 + Level 16.1 Armour
 + Level 5.7 Dodging
 + Level 2.2 Stealth


You had 13 spell levels left.
You didn't know any spells.
Your spell library was empty.

Dungeon Overview and Level Annotations

Branches:
Dungeon (11/15)            Temple (0/1) D:7            Lair (6/6) D:8
 Shoals (0/4) Lair:4        Snake (0/4) Lair:4        Slime (0/5) Lair:5
    Orc (0/2) D:11          Sewer (visited)

Altars:
Elyvilon
Fedhas
Hepliaklqana
Kikubaaqudgha
Makhleb
Okawaru
Sif Muna
Wu Jian
Yredelemnul
Zin
Jiyva

Shops:
D:4 !

Portals:
Trove: D:10 (give +4 ice dragon scales)


Innate Abilities, Weirdness & Mutations

You reflexively headbutt those who attack you in melee.
You have a pair of horns on your head.


Message History

You're too confused!
You're too confused!
Okay, then.
The death ooze hits you but does no damage.
The death ooze hits you!
* * * LOW HITPOINT WARNING * * *
The death ooze closely misses you. The death ooze barely misses you. x2
The death ooze hits you but does no damage.
The death ooze closely misses you.
The death ooze hits you but does no damage.
You hit the death ooze. Your headbutt misses the death ooze.
The death ooze is lightly damaged.
The death ooze hits you.
* * * LOW HITPOINT WARNING * * *
The death ooze hits you but does no damage.
You feel better. The death ooze hits you!
* * * LOW HITPOINT WARNING * * *
The death ooze hits you but does no damage.
The death ooze hits you!
You die...

....#.#....(......#
?.#.#.#...........#
.#..#.#...........#
....#.............♣#
.#.#...............##
....................#
#..###+.............♣
......†.............♣
................@J..♣
.......P......#.JJ.♣#
........##.####....#
.......###.###J#..♣#
.......####....G..#
........####....J.#
....######..J.....#
....#.. ##.......#
....#..###........#


You could see a great orb of eyes, 3 death oozes, 2 jellies and an ooze.

Vanquished Creatures
  An azure jelly (Lair:6)
  A boulder beetle (D:11)
  9 hydras
  A centaur warrior (D:9)
  3 catoblepae
  6 death yaks
  A two-headed ogre (D:10)
  The ghost of Meejax the Cruncher, a novice FoFi of Okawaru (D:8)
  An ugly thing (D:11)
  3 orc knights (D:7)
  A cyclops (D:11)
  2 merfolk sirens (Lair:4)
  11 elephants
  6 black mambas
  17 cane toads
  3 torpor snails
  6 rime drakes
  2 komodo dragons (Lair:3)
  A polar bear (Lair:2)
  2 merfolk (Lair:4)
  23 blink frogs
  3 slime creatures
  A wraith (D:11)
  3 wyverns
  2 shadows (D:9)
  5 basilisks
  32 yaks
  18 wargs
  Duvessa (D:5)
  22 water moccasins
  11 orc warriors
  2 ice beasts
  5 black bears
  2 sky beasts
  A necrophage (D:9)
  21 wolves
  2 eyes of draining
  6 phantoms
  7 ogres
  3 centaurs
  2 big kobolds (Sewer)
  12 bullfrogs
  A gnoll sergeant (D:7)
  A wyvern zombie (D:6)
  Dowan (D:5)
  A scorpion (D:8)
  A troll zombie (D:11)
  15 wights
  6 electric eels
  5 howler monkeys
  A crimson imp (D:2)
  2 bullfrog zombies
  A centaur zombie (D:5)
  3 hounds
  3 jellies
  4 centaur skeletons
  3 bullfrog skeletons
  14 orc priests
  12 orc wizards
  Ijyb (D:5)
  An iguana (D:8)
  12 worker ants
  3 killer bee zombies
  5 ogre zombies (D:11)
  2 hound zombies
  A hound skeleton (D:5)
  A worker ant zombie (D:10)
  A howler monkey zombie (D:7)
  18 adders
  7 gnolls
  A howler monkey skeleton (D:6)
  A hound simulacrum (D:8)
  3 shadow imps
  2 white imps
  4 ufetubi
  2 oozes
  An adder zombie (D:5)
  An adder skeleton (D:4)
  6 worms
  5 leopard geckos
  70 orcs
  3 ball pythons
  15 bats
  2 giant cockroaches
  7 goblins
  3 hobgoblins
  6 jackals
  5 quokkas
  8 frilled lizards
  A goblin skeleton (D:11)
  3 goblin zombies (D:11)
  2 hobgoblin skeletons (D:11)
  2 hobgoblin zombies (D:11)
  25 kobolds
  2 orc skeletons (D:11)
  9 orc zombies (D:11)
  2 quokka skeletons
  8 rats
  A spectral orc (D:2)
588 creatures vanquished.

Vanquished Creatures (others)
  A quokka (D:8)
  17 fungi
  59 plants
77 creatures vanquished.

Grand Total: 665 creatures vanquished

Notes
Turn   | Place    | Note
-------+----------+-------------------------------------------
     0 | D:1      | Grant146 the Minotaur Berserker began the quest for the
                  | Orb.
     0 | D:1      | Reached XP level 1. HP: 19/19 MP: 0/0
   245 | D:1      | Reached skill level 4 in Maces & Flails
   245 | D:1      | Reached XP level 2. HP: 27/27 MP: 1/1
   479 | D:1      | Reached XP level 3. HP: 30/33 MP: 2/2
   854 | D:2      | Reached ** piety under Trog
   873 | D:2      | Found a burning altar of Makhleb.
   888 | D:2      | Reached XP level 4. HP: 37/41 MP: 3/3
  1416 | D:2      | Reached skill level 5 in Maces & Flails
  1462 | D:2      | Reached skill level 5 in Fighting
  1499 | D:2      | Found a basalt altar of Yredelemnul.
  1675 | D:3      | Reached XP level 5. HP: 22/48 MP: 4/4
  2101 | D:3      | Found a shimmering blue altar of Sif Muna.
  2619 | D:4      | Found Zauzyagha's Distillery.
  2656 | D:4      | Found a blossoming altar of Fedhas.
  2656 | D:4      | Found an ancient bone altar of Kikubaaqudgha.
  2748 | D:4      | Reached XP level 6. HP: 55/56 MP: 5/5
  2792 | D:4      | Reached *** piety under Trog
  2793 | D:4      | Reached skill level 6 in Maces & Flails
  2865 | D:4      | Found a glowing drain.
  2902 | Sewer    | Entered a sewer
  3635 | D:4      | Reached skill level 5 in Armour
  3635 | D:4      | Reached XP level 7. HP: 62/62 MP: 6/6
  3800 | D:4      | Reached skill level 7 in Maces & Flails
  3906 | D:5      | Entered Level 5 of the Dungeon
  4019 | D:5      | Noticed Ijyb
  4025 | D:5      | Paralysed by Ijyb for 5 turns
  4035 | D:5      | Killed Ijyb
  4076 | D:5      | Reached **** piety under Trog
  4252 | D:5      | Reached skill level 8 in Maces & Flails
  4252 | D:5      | Reached XP level 8. HP: 63/70 MP: 7/7
  4532 | D:5      | Noticed Duvessa
  4548 | D:5      | Killed Duvessa
  4554 | D:5      | Noticed Dowan
  4568 | D:5      | Killed Dowan
  4919 | D:5      | Reached skill level 9 in Maces & Flails
  5600 | D:6      | Reached XP level 9. HP: 69/79 MP: 8/8
  6086 | D:7      | Reached skill level 10 in Maces & Flails
  6543 | D:7      | Reached skill level 11 in Maces & Flails
  7068 | D:7      | Reached XP level 10. HP: 85/90 MP: 9/9
  7155 | D:7      | Found an iron altar of Okawaru.
  7167 | D:7      | Found an ornate altar of the Wu Jian Council.
  7178 | D:7      | Found a staircase to the Ecumenical Temple.
  7699 | D:7      | Noticed an orc knight
  8041 | D:7      | Killed an orc knight
  8042 | D:7      | Reached skill level 12 in Maces & Flails
  8042 | D:7      | Reached skill level 10 in Armour
  8107 | D:7      | Reached ***** piety under Trog
  8263 | D:7      | Noticed an orc knight
  8297 | D:7      | Killed an orc knight
  8496 | D:7      | Noticed an orc knight
  8539 | D:7      | Killed an orc knight
  8712 | D:7      | Reached skill level 13 in Maces & Flails
  8961 | D:8      | Found a staircase to the Lair.
  9224 | D:8      | Found a white marble altar of Elyvilon.
  9460 | D:8      | Found a runed translucent gate.
  9460 | D:8      | Found a runed translucent gate.
  9463 | D:8      | Found a runed translucent gate.
  9465 | D:8      | Noticed Meejax's ghost (novice FoFi)
  9483 | D:8      | Killed Meejax's ghost
  9484 | D:8      | Reached skill level 10 in Fighting
  9579 | D:9      | Reached XP level 11. HP: 65/99 MP: 10/10
  9580 | D:9      | Received a gift from Trog
  9747 | D:9      | Found a hazy altar of Hepliaklqana.
  9780 | D:9      | Found a glowing silver altar of Zin.
  9784 | D:9      | Found an iron altar of Okawaru.
  9924 | D:9      | Noticed a centaur warrior
  9942 | D:9      | Killed a centaur warrior
  9943 | D:9      | Reached skill level 14 in Maces & Flails
 10161 | D:9      | Got a pair of ichor-stained boots
 10171 | D:9      | Identified the cursed +0 pair of boots of the Abyss {rN+
                  | Regen+} (You found it on level 9 of the Dungeon)
 10181 | D:9      | Got a scintillating brass ring
 10798 | D:10     | Entered Level 10 of the Dungeon
 10950 | D:10     | Noticed a two-headed ogre
 10960 | D:10     | Killed a two-headed ogre
 11359 | D:10     | Found a portal to a secret trove of treasure.
 11686 | D:11     | Received a gift from Trog
 11727 | D:11     | Reached ****** piety under Trog
 11804 | D:11     | Found a staircase to the Orcish Mines.
 11915 | D:11     | Noticed a five-headed hydra
 11926 | D:11     | Killed a five-headed hydra
 11971 | D:11     | Noticed a six-headed hydra
 11992 | D:11     | Killed a six-headed hydra
 12057 | D:11     | Reached skill level 15 in Maces & Flails
 12067 | D:11     | Noticed a white ugly thing
 12126 | D:11     | Killed a white ugly thing
 12343 | D:11     | Reached skill level 1 in Stealth
 12355 | D:11     | Noticed a boulder beetle
 12378 | D:11     | Killed a boulder beetle
 12434 | D:11     | Reached XP level 12. HP: 55/112 MP: 11/11
 12604 | D:11     | Received a gift from Trog
 13135 | Lair:1   | Entered Level 1 of the Lair of Beasts
 13135 | Lair:1   | Noticed an eight-headed hydra
 13149 | D:8      | Killed an eight-headed hydra
 14333 | Lair:2   | Noticed a catoblepas
 14668 | Lair:1   | Killed a catoblepas
 14891 | Lair:2   | Reached skill level 5 in Dodging
 15451 | Lair:3   | Reached skill level 16 in Maces & Flails
 15458 | Lair:3   | Noticed an eight-headed hydra
 15506 | Lair:2   | Killed an eight-headed hydra
 15507 | Lair:2   | Reached XP level 13. HP: 58/123 MP: 12/12
 16534 | Lair:4   | Reached skill level 15 in Armour
 16678 | Lair:4   | Found a staircase to the Snake Pit.
 16727 | Lair:4   | Received a gift from Trog
 16958 | Lair:4   | Reached skill level 15 in Fighting
 17289 | Lair:4   | Found a staircase to the Shoals.
 18135 | Lair:5   | Found a viscous altar of Jiyva.
 18136 | Lair:5   | Found a staircase to the Slime Pits.
 18187 | Lair:6   | Entered Level 6 of the Lair of Beasts
 18214 | Lair:6   | Reached XP level 14. HP: 113/135 MP: 13/13
 18262 | Lair:6   | Reached skill level 17 in Maces & Flails
 19244 | Lair:6   | Found a viscous altar of Jiyva.
 19244 | Lair:6   | Noticed an azure jelly
 19260 | Lair:6   | Killed an azure jelly
 19285 | Lair:6   | HP: 4/137 [death ooze (17)]
 19285 | Lair:6   | Mangled by a death ooze

Illustrated notes

Levels and vault maps discovered:
D:1:      evilmike_arrival_plus, layout_basic, serial_park_tiny_pond
D:2:      layout_basic, makhleb_grotto_becter,
          yredelemnul_forgotten_temple_becter, chequers_serial_rivers_room_a
D:3:      kb_forest_paths, layout_basic, serial_bayou_pond_d, led_sif_pool
D:4:      layout_loops_ring, grunt_temple_overflow_growth_and_decay,
          cheibrodos_sewer_entry_bend, serial_shops, shop, minmay_pentangle
D:5:      layout_gridville, kennysheep_generic_room_12, uniq_ijyb, uniq_duvessa
D:6:      layout_basic
D:7:      lemuel_castle_with_subvaults [lemuel_castle_interior_carwin_2],
          layout_loops_cross, minmay_temple_entry_proselytizer, basic_altar,
          kennysheep_okawaru_gauntlet
D:8:      layout_basic, lair_entry_dummy, gammafunk_ghost_necromancy,
          elyvilon_altar_4
D:9:      minmay_the_grid_square_5x5_3x3
          [minmay_the_grid_square_5x5_three_walls,
          minmay_the_grid_square_5x5_tie, minmay_the_grid_square_5x5_moneybag,
          minmay_the_grid_square_5x5_trominoes,
          minmay_the_grid_square_5x5_megaprize_open,
          minmay_the_grid_square_5x5_pentomino_r,
          minmay_the_grid_square_5x5_inverted_slash,
          minmay_the_grid_square_5x5_comb,
          minmay_the_grid_square_5x5_tetrominoes], layout_irregular_city,
          chequers_temple_overflow_statue_of_worship, lemuel_crystal_altar
D:10:     layout_loops_ring, trove_entry_hex_spiral
D:11:     layout_loops_ring, zombieorc1_lemuel
Lair:1:   layout_chaotic_city, serial_forest, infiniplex_forest_lined_3,
          infiniplex_forest_clump_C, infiniplex_forest_clump_tiny,
          infiniplex_forest_straight_4, infiniplex_forest_clump_small,
          infiniplex_forest_clump_medium, infiniplex_forest_fountain,
          gauntlet_entry_generic, hangedman_lair_unloving_vines,
          serial_bayou_shore_a
Lair:2:   wad_woods_pond, layout_regular_city, infiniplex_staircase_pool
Lair:3:   layout_cave_shapes
Lair:4:   layout_regular_city, elwin_shoals_entry_stream,
          minmay_snake_entry_six_corridors, chequers_serial_rivers_small_a
Lair:5:   layout_loops_ring, dpeg_slime_entry_enclosed_altar
Lair:6:   due_jungle_book, layout_cellular_growth, special_room
          [special_room_jelly], nicolae_quartered_pool_medium, st_stairs_11,
          minivault_11, serial_bayou_pond_b, infiniplex_staircase_pool_2,
          serial_bayou_shore_b

Skill      XL: |  1  2  3  4  5  6  7  8  9 10 11 12 13 14 |
---------------+-------------------------------------------+-----
Maces & Flails | 4 5 6 8 9 11 13 15 16 17 | 17.5
Fighting       | 4 5 6 7 8 10 12 13 15 16 | 16.2
Armour         | 3 5 6 8 9 10 11 13 15 16 | 16.1
Dodging        | 3 4 5 |  5.7
Stealth        | 1 2 |  2.2
Throwing       | |  0.6

Action                   |  1- 3 |  4- 6 |  7- 9 | 10-12 | 13-15 || total
-------------------------+-------+-------+-------+-------+-------++-------
Melee: Mace              |    17 |       |       |       |       ||    17
       Whip              |    53 |   203 |   174 |       |       ||   430
       Headbutt          |     6 |    27 |    59 |   146 |   118 ||   356
       Dire flail        |       |       |   135 |   721 |   484 ||  1340
Throw: Dart              |       |       |     6 |       |       ||     6
Invok: Berserk           |       |     1 |     2 |    12 |       ||    15
  Use: Scroll            |       |       |       |    26 |       ||    26
       Potion            |       |       |       |       |     1 ||     1
 Stab: Petrified         |       |       |       |       |     1 ||     1
Armor: Scale mail        |    42 |     5 |       |       |       ||    47
       Animal skin       |     7 |       |       |       |       ||     7
       Chain mail        |       |   126 |   123 |       |       ||   249
       Plate armour      |       |       |       |   348 |   273 ||   621
Dodge: Dodged            |    40 |    93 |   131 |   247 |   166 ||   677
Block: Other             |       |       |       |    20 |    88 ||   108
       Reflection        |       |       |       |       |     2 ||     2

Table legend: (Time is in decaauts)
 A = Elapsed time spent in this place.
 B = Non-inter-level travel time spent in this place.
 C = Inter-level travel time spent in this place.
 D = Time resting spent in this place.
 E = Time spent auto-exploring this place.
 F = Levels seen in this place.
 G = Mean time per level.
                   A        B        C        D        E       F      G
               +--------+--------+--------+--------+--------+-----+--------+
         Total |  18933 |  18383 |    550 |   1257 |  13006 |  18 | 1051.8 |
       Dungeon |  12528 |  12101 |    427 |    973 |   8449 |  11 | 1138.9 |
          Lair |   5889 |   5766 |    123 |    283 |   4175 |   6 |  981.5 |
         Sewer |    515 |    515 |      0 |      0 |    381 |   1 |  515.0 |
               +--------+--------+--------+--------+--------+-----+--------+

Top non-repeatable levels by time:
     D:7: 2504 daAuts
     D:5: 1336 daAuts
     D:9: 1280 daAuts
    D:11: 1270 daAuts
  Lair:1: 1239 daAuts
  Lair:2: 1195 daAuts
     D:6: 1097 daAuts
  Lair:4: 1057 daAuts
     D:3: 1026 daAuts
  Lair:6: 1026 daAuts
     D:8: 860 daAuts
     D:1: 840 daAuts
    D:10: 786 daAuts
     D:4: 774 daAuts
  Lair:5: 769 daAuts
